 Dungeon Crawl Stone Soup version 0.23-a0-358-g98c7a59 (webtiles) character file.

36304 Laiders72 the Fighter (level 13, -1/124 HPs)
             Began as a Minotaur Berserker on Oct 22, 2018.
             Was a High Priest of Trog.
             Killed from afar by a manticore (21 damage)
             ... with a volley of spikes
             ... summoned by Kirke
             ... on level 4 of the Lair of Beasts.
             The game lasted 00:48:21 (16470 turns).

Laiders72 the Fighter (Minotaur Berserker)         Turns: 16470, Time: 00:48:22

Health: -1/124     AC:  0    Str: 24    XL:     13   Next: 52%
Magic:  12/12      EV: 18    Int:  4    God:    Trog [*****.]
Gold:   955        SH:  0    Dex: 13    Spells: 12/12 levels left

rFire    . . .     SeeInvis .   (weapon currently unavailable)
rCold    . . .     Gourm    .   (shield currently unavailable)
rNeg     . . .     Faith    .   (armour currently unavailable)
rPois    .         Spirit   .   (helmet currently unavailable)
rElec    .         Reflect  .   (cloak currently unavailable)
rCorr    .         Harm     .   (gloves currently unavailable)
MR       .....                  (boots currently unavailable)
Stlth    +.........             (no amulet)
HPRegen  0.30/turn              (ring currently unavailable)
MPRegen  0.13/turn              (ring currently unavailable)

@: pig-form, barbed spikes, berserk cooldown, slowed
A: small, (retaliatory headbutt), deterioration 1, MP-powered wands
a: Berserk, Trog's Hand, Brothers in Arms, Renounce Religion


You were on level 4 of the Lair of Beasts.
You worshipped Trog.
Trog was extremely pleased with you.
You were hungry.
You were a filthy swine.
You visited 2 branches of the dungeon, and saw 18 of its levels.

You collected 1245 gold pieces.
You spent 290 gold pieces at shops.

Inventory:

Hand Weapons
 K - the +11 long sword "Xyjiyhid" (melded) {elec, Dex+3}
   (You found it on level 13 of the Dungeon)

   Occasionally, upon striking a foe, it will discharge some electrical energy
   and cause terrible harm.
   It affects your dexterity (+3).
 V - a +5 morningstar of holy wrath
Armour
 k - a +0 pair of boots (melded)
 o - a +0 pair of gloves (melded)
 r - a +0 chain mail of fire resistance (melded)
 J - a +0 cloak (melded)
 P - a +2 hat (melded)
 T - a +1 buckler of fire resistance (melded)
Jewellery
 j - a +6 ring of protection (melded)
 M - a +4 ring of intelligence
 S - an uncursed ring of protection from cold
 U - a ring of protection from magic (melded)
Wands
 g - a wand of enslavement (16)
 w - a wand of random effects (12)
 B - a wand of paralysis (14)
 C - a wand of acid (13)
 D - a wand of iceblast (6)
 F - a wand of flame (16)
 L - a wand of disintegration (10)
 O - a wand of clouds (3)
 Q - a wand of polymorph (18)
Scrolls
 d - 9 scrolls of teleportation
 e - a scroll of magic mapping
 f - 3 scrolls of identify
 i - a scroll of noise {unknown}
 l - 8 scrolls of remove curse
 n - 3 scrolls of fear
 q - 2 scrolls of enchant weapon
 s - a scroll of fog {unknown}
 y - a scroll of enchant armour {unknown}
 G - a scroll of vulnerability {unknown}
 H - a scroll of blinking
 I - a scroll of acquirement {unknown}
 W - a scroll of summoning {unknown}
Potions
 a - 4 potions of cancellation
 b - 3 potions of flight
 h - 8 potions of curing
 m - 2 potions of might
 p - 3 potions of berserk rage
 t - 5 potions of heal wounds
 u - a potion of haste
 x - 2 potions of brilliance {unknown}
 A - a potion of invisibility
 E - 2 potions of mutation
 N - a potion of agility
Comestibles
 c - 37 rations


   Skills:
 - Level 14.1 Fighting
 + Level 13.8 Long Blades
 - Level 14.0 Maces & Flails
 - Level 10.0 Armour
 - Level 6.0 Dodging
 - Level 8.0 Shields


You had 12 spell levels left.
You didn't know any spells.
Your spell library was empty.

Dungeon Overview and Level Annotations

Branches:
Dungeon (14/15)            Temple (0/1) D:5            Lair (4/6) D:8
  Swamp (0/4) Lair:2        Snake (0/4) Lair:3          Orc (0/2) D:10
 Vaults: D:13-14

Altars:
Gozag
Nemelex Xobeh
Okawaru
The Shining One
Beogh

Shops:
D:6 ?   D:8 *   D:10 =

Annotations:
Lair:4 Kirke


Innate Abilities, Weirdness & Mutations

((You reflexively headbutt those who attack you in melee.))
((You have a pair of horns on your head.))
((You have a beak for a mouth.))
((Your flesh is cold resistant. (rC+)))
Your body sometimes deteriorates upon taking damage.
You expend magic power (3 MP) to strengthen your wands.


Message History

You bite something! Something hits you!
* * * LOW HITPOINT WARNING * * *
You bite something! Something hits you!
* * * LOW HITPOINT WARNING * * *
You feel a strong urge to attack something.
You are no longer berserk.
Trog's vigour flows through your veins.
You are exhausted.
You feel yourself slow down.
You hear some strange, mumbled words.
Something summons a lindwurm!
Kirke appears from thin air!
Reactivating autopickup.
Kirke casts a spell.
Kirke summons a manticore!
The manticore flicks its tail.
The volley of spikes hits you!
The barbed spikes become lodged in your body.
You die...

... #.≈≈≈≈≈>.≈≈≈≈..## ###.#.##
#.. #≈.≈≈≈..≈≈≈≈...# #####. #.#
#≈≈≈≈≈≈≈≈≈≈≈.## ##. ..#
#.≈≈≈≈≈≈≈≈≈.## #..
.#.#+P##.≈†≈†≈≈≈...# ##<.
.........#.(.≈.....# ##..#
##..##..####.H#....## #### #....
......#.#####.......###..###...[
..P##...##.k.@.h..........##..[.
......#.'...#.........#.#.......
#P..#$..†..##........#######....
........####P.......## ###P.
#..###### ####P##### ### ## ###


You could see Kirke, a manticore and a lindwurm.

Vanquished Creatures
  Gastronok (D:11)
  Nessos (Lair:4)
  3 hydras (Lair:3)
  2 centaur warriors (D:13)
  A two-headed ogre (D:11)
  A tengu warrior (D:11)
  A skeletal warrior (D:11)
  A wizard (D:11)
  Pikel (D:5)
  4 ugly things
  2 manticores
  A centaur zombie (D:13)
  A moth of wrath (shapeshifter) (D:13)
  4 elephants
  3 black mambas (Lair:4)
  A gargoyle (D:11)
  A spiny frog (Lair:3)
  3 komodo dragons
  A freezing wraith (D:13)
  A queen bee (Lair:3)
  6 trolls
  A hornet (D:11)
  Grinder (D:3)
  5 hippogriffs
  Prince Ribbit (D:8)
  3 blink frogs (Lair:3)
  A shadow (D:11)
  Sigmund (D:2)
  A spriggan (D:7)
  2 vampires
  A wyvern (D:10)
  28 yaks
  3 hogs (Lair:4)
  A hungry ghost (D:9)
  Eustachio (D:5)
  2 vampire mosquitoes (D:12)
  Menkaure (D:6)
  8 water moccasins
  A soldier ant (D:12)
  Duvessa (D:5)
  7 porcupines
  4 sky beasts
  3 ice beasts
  A slave (D:5)
  6 orc warriors
  A phantom (D:11)
  7 ogres
  10 wolves (Lair:3)
  13 centaurs
  9 crocodiles
  2 big kobolds
  13 bullfrogs
  A gnoll sergeant (D:6)
  Dowan (D:5)
  2 scorpions
  29 killer bees
  6 wights (D:11)
  An electric eel (Lair:4)
  4 bullfrog zombies
  7 crimson imps
  A quasit (D:10)
  4 hounds
  A jelly (D:10)
  3 centaur skeletons
  5 orc priests
  7 iguanas
  11 orc wizards
  Jessica (D:3)
  2 bullfrog skeletons
  10 worker ants
  A hound zombie (D:6)
  2 hound skeletons
  A mummy (D:7)
  3 worker ant zombies
  Robin (D:4)
  7 gnolls
  8 adders
  3 shadow imps
  An ooze (D:2)
  An adder skeleton (D:6)
  3 dart slugs
  3 leopard geckos
  48 orcs
  A ball python (D:3)
  7 bats
  8 giant cockroaches
  17 goblins
  12 hobgoblins
  20 jackals
  17 kobolds
  5 quokkas
  7 frilled lizards
  A hobgoblin zombie (D:7)
  A jackal zombie (D:6)
  3 kobold zombies (D:7)
  A quokka skeleton (D:6)
  2 quokka zombies
  7 rats
  A plant (Lair:4)
467 creatures vanquished.

Vanquished Creatures (collateral kills)
  3 yaks (D:8)
  2 centaurs (D:13)
  2 electric eels (D:7)
7 creatures vanquished.

Vanquished Creatures (others)
  A slave (D:5)
  A scorpion (D:5)
  A fungus (Lair:3)
3 creatures vanquished.

Grand Total: 477 creatures vanquished

Notes
Turn   | Place    | Note
-------+----------+-------------------------------------------
     0 | D:1      | Laiders72 the Minotaur Berserker began the quest for the
                  | Orb.
     0 | D:1      | Reached XP level 1. HP: 19/19 MP: 0/0
   277 | D:1      | Reached XP level 2. HP: 17/27 MP: 1/1
   936 | D:2      | Noticed Sigmund
   945 | D:2      | Killed Sigmund
   945 | D:2      | Reached XP level 3. HP: 33/35 MP: 2/2
   945 | D:2      | Reached XP level 4. HP: 39/41 MP: 3/3
   945 | D:2      | Reached XP level 5. HP: 44/47 MP: 4/4
  1300 | D:2      | Reached ** piety under Trog
  1830 | D:3      | Reached skill level 5 in Fighting
  1832 | D:3      | Reached skill level 5 in Maces & Flails
  1882 | D:3      | Noticed Grinder
  1893 | D:3      | Paralysed by Grinder for 7 turns
  1925 | D:3      | Killed Grinder
  1925 | D:3      | Reached XP level 6. HP: 22/57 MP: 5/5
  2135 | D:3      | Noticed Jessica
  2138 | D:3      | Killed Jessica
  2541 | D:3      | Reached XP level 7. HP: 62/62 MP: 6/6
  3030 | D:4      | Reached *** piety under Trog
  3770 | D:4      | Reached XP level 8. HP: 68/73 MP: 7/7
  3784 | D:4      | Noticed Robin
  3795 | D:4      | Killed Robin
  4456 | D:5      | Entered Level 5 of the Dungeon
  4462 | D:5      | Noticed Dowan
  4463 | D:5      | Noticed Duvessa
  4472 | D:5      | Killed Duvessa
  4476 | D:5      | Killed Dowan
  4495 | D:5      | Found an opulent altar of Gozag.
  4506 | D:5      | Reached **** piety under Trog
  4577 | D:5      | Noticed Pikel
  4595 | D:5      | Killed Pikel
  4595 | D:5      | Reached skill level 10 in Maces & Flails
  4774 | D:5      | Found a staircase to the Ecumenical Temple.
  4864 | D:5      | Noticed Eustachio
  4871 | D:5      | Killed Eustachio
  4871 | D:5      | Reached XP level 9. HP: 82/82 MP: 8/8
  5137 | D:6      | Found Gakuorgh's Magic Scroll Emporium.
  5148 | D:6      | Bought a scroll of amnesia for 38 gold pieces
  5148 | D:6      | Bought a scroll of fear for 38 gold pieces
  5148 | D:6      | Bought a scroll of enchant weapon for 82 gold pieces
  5148 | D:6      | Bought a scroll of teleportation for 33 gold pieces
  5148 | D:6      | Bought a scroll of identify for 22 gold pieces
  5148 | D:6      | Bought a scroll of identify for 22 gold pieces
  5148 | D:6      | Bought a scroll of remove curse for 33 gold pieces
  5148 | D:6      | Bought a scroll of identify for 22 gold pieces
  5468 | D:6      | Noticed Menkaure
  5479 | D:6      | Killed Menkaure
  6966 | D:8      | Reached skill level 10 in Fighting
  7262 | D:8      | Noticed Prince Ribbit
  7274 | D:8      | Killed Prince Ribbit
  7305 | D:8      | Reached XP level 10. HP: 94/94 MP: 9/9
  7359 | D:8      | Found Vyrchiuj's Assorted Antiques.
  7448 | D:8      | Found an iron altar of Okawaru.
  7724 | D:8      | Found a staircase to the Lair.
  7836 | D:9      | HP: 4/94 [something/vampiric draining (14)]
  8939 | D:10     | Entered Level 10 of the Dungeon
  9441 | D:10     | Found a sparkling altar of Nemelex Xobeh.
  9476 | D:10     | Reached ***** piety under Trog
  9503 | D:10     | Found a staircase to the Orcish Mines.
  9510 | D:10     | Found a roughly hewn altar of Beogh.
  9517 | D:10     | Reached XP level 11. HP: 107/107 MP: 10/10
  9552 | D:10     | Found Wiomp's Jewellery Shop.
 10025 | D:11     | Noticed a red ugly thing
 10034 | D:11     | Killed a red ugly thing
 10034 | D:11     | Reached skill level 5 in Armour
 10129 | D:11     | Noticed a purple ugly thing
 10140 | D:11     | Killed a purple ugly thing
 10140 | D:11     | Reached skill level 5 in Dodging
 10177 | D:11     | You fall through a shaft for 3 floors!
 10177 | D:14     | Noticed a vault guard
 10177 | D:14     | Noticed a deep elf archer
 10180 | D:14     | Noticed an orc knight
 10183 | D:14     | Noticed a white ugly thing
 10183 | D:14     | Noticed a white ugly thing
 10183 | D:14     | Noticed a white ugly thing
 10183 | D:14     | Noticed a white ugly thing
 10183 | D:14     | Noticed a white ugly thing
 10244 | D:13     | Noticed a centaur warrior
 10258 | D:13     | Killed a centaur warrior
 10315 | D:13     | Found a glowing golden altar of the Shining One.
 10464 | D:13     | Noticed a purple ugly thing
 10481 | D:13     | Killed a purple ugly thing
 11083 | D:13     | Noticed a brown ugly thing
 11096 | D:13     | Killed a brown ugly thing
 11115 | D:13     | Noticed a centaur warrior
 11125 | D:13     | Killed a centaur warrior
 11305 | D:13     | Got a steaming long sword
 11534 | D:12     | Identified the +11 long sword "Xyjiyhid" {elec, Dex+3} (You
                  | found it on level 13 of the Dungeon)
 11570 | D:12     | Reached skill level 10 in Armour
 11571 | D:12     | Reached skill level 1 in Long Blades
 12006 | D:12     | Received a gift from Trog
 12242 | D:12     | Got a dazzling trident
 12252 | D:12     | Identified the +6 trident of Demonkind {speed, +Fly Dex+4}
                  | (You found it on level 12 of the Dungeon)
 12292 | D:11     | Reached XP level 12. HP: 104/117 MP: 11/11
 12410 | D:11     | Noticed Gastronok
 12420 | D:11     | Killed Gastronok
 12615 | D:11     | Noticed a tengu warrior
 12625 | D:11     | Paralysed by a wizard for 4 turns
 12643 | D:11     | Killed a tengu warrior
 12723 | D:11     | Reached skill level 10 in Long Blades
 12823 | D:11     | Noticed a two-headed ogre
 12831 | D:11     | Killed a two-headed ogre
 13013 | D:11     | Gained mutation: Your flesh is cold resistant. (rC+)
                  | [potion of mutation]
 13013 | D:11     | Gained mutation: You expend magic power (3 MP) to
                  | strengthen your wands. [potion of mutation]
 13013 | D:11     | Gained mutation: Your body sometimes deteriorates upon
                  | taking damage. [potion of mutation]
 13013 | D:11     | Gained mutation: You have a beak for a mouth. [potion of
                  | mutation]
 13079 | Lair:1   | Entered Level 1 of the Lair of Beasts
 13193 | Lair:1   | Reached skill level 1 in Shields
 13672 | Lair:2   | Found a staircase to the Swamp.
 14302 | Lair:3   | Noticed a six-headed hydra
 14307 | Lair:3   | Noticed a seven-headed hydra
 14317 | Lair:3   | Killed a six-headed hydra
 14323 | Lair:3   | Killed a seven-headed hydra
 14328 | Lair:3   | Reached skill level 5 in Shields
 14447 | Lair:3   | Reached XP level 13. HP: 72/124 MP: 12/12
 14472 | Lair:3   | Received a gift from Trog
 14893 | Lair:3   | Found a staircase to the Snake Pit.
 15158 | Lair:3   | HP: 5/124 [poisoned by a killer bee]
 16090 | Lair:4   | Noticed Nessos
 16113 | Lair:4   | Killed Nessos
 16409 | Lair:4   | Noticed Kirke
 16470 | Lair:4   | Killed from afar by a manticore

Vault maps used:
D:1:      dpeg_arrival_lava_altar
D:2:      first_ration, uniq_sigmund
D:3:      uniq_crazy_yiuf_cottage, uniq_jessica, uniq_grinder
D:4:      hangedman_decor_peaks_small, kennysheep_small_square, uniq_robin
D:5:      minmay_temple_entry_from_below_a, nicolae_gozag_seed_capital,
          uniq_eustachio, uniq_pikel, uniq_duvessa
D:6:      serial_shops, nicolae_shop_crystal, chequers_serial_rivers_small_3,
          uniq_menkaure
D:7:      serial_bayou, serial_bayou_lagoon_b, serial_bayou_shore_a,
          serial_bayou_ford_a, serial_bayou_lagoon_a, serial_bayou_lake_a,
          the_bakery, minmay_mini_ossuary
D:8:      lair_entry_dummy, serial_shops, shop, okawaru_metal_pillars_1_2,
          uniq_prince_ribbit1
D:9:      chequers_serial_rivers_micro_a
D:10:     minmay_orc_entry_temple_small, serial_shops, shop_statue, basic_altar
D:11:     minmay_the_grid_square_5x5_3x3, uniq_gastronok
D:12:     grunt_decor_resistance
D:13:     basic_altar
D:14:     grunt_vaults_entry_fortified, minmay_hedge_maze
Lair:2:   minmay_swamp_entry_reptiles
Lair:3:   dummy_snake_entry, special_room, nicolae_quartered_pool_little,
          lemuel_fruit_tree
Lair:4:   serial_bayou, serial_bayou_pond_c, serial_bayou_pond_b,
          serial_bayou_pond_e, serial_bayou_pond_b, infiniplex_staircase_pool_2,
          uniq_kirke, uniq_nessos

Skill      XL: |  1  2  3  4  5  6  7  8  9 10 11 12 13 |
---------------+----------------------------------------+-----
Fighting       | 4 5 7 8 10 13 14 | 14.1
Maces & Flails | 4 6 8 11 13 14 | 14.0
Armour         | 4 10 | 10.0
Dodging        | 3 6 |  6.0
Long Blades    | 4 11 13 | 13.8
Shields        | 5 8 |  8.0

Action                   |  1- 3 |  4- 6 |  7- 9 | 10-12 | 13-15 || total
-------------------------+-------+-------+-------+-------+-------++-------
Melee: Mace              |    44 |    40 |       |       |       ||    84
       Headbutt          |     8 |    19 |    55 |   142 |    43 ||   267
       Flail             |       |    44 |   120 |   274 |       ||   438
       Morningstar       |       |       |   170 |    23 |     8 ||   201
       Dire flail        |       |       |       |    96 |       ||    96
       Long sword        |       |       |       |   179 |   140 ||   319
       Peck              |       |       |       |    14 |    45 ||    59
       Unarmed           |       |       |       |       |    19 ||    19
Invok: Berserk           |     1 |     2 |     9 |     7 |     2 ||    21
       Trog's Hand       |       |       |     6 |     4 |       ||    10
       Brothers in Arms  |       |       |     3 |     4 |       ||     7
  Use: Scroll            |       |     3 |     7 |     8 |       ||    18
       Potion            |       |       |     1 |     4 |     4 ||     9
  Eat: Chunk             |       |     4 |    24 |    25 |     7 ||    60
       Ration            |       |     1 |     1 |     3 |       ||     5
Armor: Animal skin       |     5 |       |       |       |       ||     5
       Leather armour    |     8 |    33 |     1 |       |       ||    42
       Scale mail        |       |       |    81 |       |       ||    81
       Ring mail         |       |       |     2 |       |       ||     2
       Chain mail        |       |       |   107 |    29 |    16 ||   152
       Plate armour      |       |       |       |   467 |   131 ||   598
Dodge: Dodged            |    33 |    58 |   173 |   200 |   142 ||   606
Block: Shield            |       |       |    25 |   163 |       ||   188
       Buckler           |       |       |       |    17 |    98 ||   115
       Rpst.: Long sword |       |       |       |    21 |    36 ||    57

Table legend:
 A = Non-vault XP
 B = Vault XP
 C = Vault XP percentage of total XP
 D = Non-vault monster count
 E = Vault monster count
 F = Vault count percentage of total count
                 A         B        C        D         E       F
            +---------+---------+-------+---------+---------+-------
      Total |   37288 |   14576 |  28.1 |     381 |      91 |  19.3
            +---------+---------+-------+---------+---------+-------
        D:1 |      36 |       0 |   0.0 |      19 |       0 |   0.0
        D:2 |      44 |     227 |  83.8 |      20 |       1 |   4.8
        D:3 |     167 |     327 |  66.2 |      31 |       2 |   6.1
        D:4 |     643 |      53 |   7.6 |      29 |      14 |  32.6
        D:5 |     354 |    1032 |  74.5 |      18 |       4 |  18.2
        D:6 |     855 |     172 |  16.7 |      31 |       1 |   3.1
        D:7 |     119 |     242 |  67.0 |       3 |       6 |  66.7
        D:8 |    1777 |     251 |  12.4 |      31 |       1 |   3.1
        D:9 |    2533 |       0 |   0.0 |      33 |       0 |   0.0
       D:10 |    2088 |     100 |   4.6 |      28 |       7 |  20.0
       D:11 |    5870 |    6740 |  53.4 |      27 |      18 |  40.0
       D:12 |    1678 |       0 |   0.0 |      16 |       0 |   0.0
       D:13 |    5779 |       0 |   0.0 |      24 |       0 |   0.0
     Lair:1 |     904 |       0 |   0.0 |       7 |       0 |   0.0
     Lair:2 |     603 |     463 |  43.4 |       3 |       4 |  57.1
     Lair:3 |   11916 |    1804 |  13.1 |      50 |      25 |  33.3
     Lair:4 |    1922 |    3165 |  62.2 |      11 |       8 |  42.1
            +---------+---------+-------+---------+---------+-------
